AoeStats
← SwordOfDoom

Arena

509986109Analyzed
2v2 RM · 3d ago on Sep 28, 2026· 92m 13s· 4 players
Game mode
Random Map
Map size
Medium (4 player)
Population
200
Speed
Normal
Resources
Standard
Victory
Conquest
Starting age
Dark Age
Ending age
Imperial Age
RankedLock teamsTeams togetherTeam positionsShared explorationLock speedFull tech treeHidden civsTurbo modeCheats
Victory
Defeat
🇦🇷 Khmer · Argentina
954
+14
🇦🇷 Persians · Argentina
951
+15
🇨🇦 Bulgarians · Canada
934
-15
🇨🇦 Vietnamese · Canada
910
-14
Hatcherm
10:31 Feudal Age
14:24 Castle Age
12:23 Horse Collar
12:51 Double-Bit Axe
15:23 Heavy Plow
15:35 Bow Saw
17:15 Wheelbarrow
19:20 Hand Cart
18:57 Loom
22:00 Gold Mining
22:02 Stone Mining
26:44 Imperial Age
24:24 Fletching
24:34 Padded Archer Armor
24:24 Treadmill Crane
25:03 Fortified Wall
25:04 Masonry
24:54 Bodkin Arrow
25:56 Stone Shaft Mining
25:32 Murder Holes
25:57 Leather Archer Armor
26:02 Town Watch
27:18 Ballistics
28:27 Chemistry
27:55 Bracer
28:25 Ring Archer Armor
27:25 Pikeman
28:41 Forging
28:16 Crossbowman
29:29 Thumb Ring
29:13 Arbalester
30:02 Scale Mail Armor
29:24 Elite Skirmisher
31:35 Iron Casting
31:15 Chain Mail Armor
31:03 Squires
30:43 Imperial Skirmisher
32:57 Plate Mail Armor
33:07 Siege Engineers
34:07 Town Patrol
34:25 Halberdier
38:40 Arson
39:25 Paper Money
39:15 Onager
65:57 Caravan
SwordOfDoom
9:46 Feudal Age
12:40 Double-Bit Axe
16:37 Castle Age
16:54 Stone Mining
20:47 Wheelbarrow
20:35 Bow Saw
21:26 Horse Collar
23:04 Gold Mining
23:43 Loom
24:17 Heavy Plow
24:43 Forging
24:39 Scale Barding Armor
25:48 Chain Barding Armor
25:41 Town Watch
27:15 Fervor
29:14 Stone Shaft Mining
29:14 Gold Shaft Mining
29:36 Hand Cart
29:23 Town Patrol
30:03 Iron Casting
29:46 Scale Mail Armor
29:42 Fletching
34:41 Imperial Age
33:52 Chain Mail Armor
34:08 Stirrups
34:45 Bodkin Arrow
35:07 Onager
36:03 Elite Konnik
38:13 Redemption
38:34 Illumination
38:40 Conscription
40:21 Siege Onager
41:55 Redemption
43:14 Devotion
44:23 Blast Furnace
44:00 Plate Barding Armor
44:04 Pikeman
44:45 Squires
44:31 Gambesons
46:17 Plate Mail Armor
45:48 Bracer
50:13 Halberdier
50:38 Arson
53:18 Chemistry
56:48 Padded Archer Armor
59:25 Caravan
64:56 Heavy Scorpion
74:10 Elite Skirmisher
74:56 Thumb Ring
75:09 Leather Archer Armor
75:14 Imperial Skirmisher
88:43 Capped Ram
89:47 Siege Ram
93:21 Theocracy
Char (*)
10:24 Feudal Age
13:32 Castle Age
12:06 Double-Bit Axe
15:21 Loom
21:33 Bow Saw
24:09 Horse Collar
25:46 Gold Mining
25:49 Stone Mining
26:01 Heavy Plow
26:47 Wheelbarrow
25:58 Town Watch
31:07 Imperial Age
28:54 Hand Cart
29:17 Fletching
29:35 Scale Barding Armor
29:46 Masonry
29:52 Fortified Wall
29:52 Masonry
29:51 Town Patrol
31:31 Gold Shaft Mining
31:29 Tusk Swords
32:12 Conscription
32:40 Crop Rotation
32:50 Stone Shaft Mining
33:10 Bodkin Arrow
34:00 Bloodlines
33:50 Husbandry
34:21 Light Cavalry
35:23 Siege Engineers
35:59 Double Crossbow
35:49 Hussar
36:39 Bracer
37:42 Chemistry
37:03 Ballistics
37:36 Forging
37:59 Conscription
37:26 Elite Ballista Elephant
39:06 Hoardings
42:06 Architecture
54:43 Elite Skirmisher
56:03 Iron Casting
55:29 Padded Archer Armor
56:32 Chain Barding Armor
58:35 Leather Archer Armor
59:21 Blast Furnace
59:24 Plate Barding Armor
60:02 Ring Archer Armor
61:46 Scale Mail Armor
66:52 Chain Mail Armor
72:42 Capped Ram
87:46 Coinage
87:52 Coinage
Fafi
10:47 Feudal Age
9:05 Loom
15:18 Castle Age
14:46 Double-Bit Axe
17:42 Wheelbarrow
17:56 Horse Collar
19:59 Heavy Plow
21:39 Bow Saw
22:44 Husbandry
22:55 Bloodlines
22:58 Scale Barding Armor
26:21 Forging
27:08 Gold Mining
30:29 Hand Cart
31:05 Iron Casting
30:51 Chain Barding Armor
30:23 Fletching
31:20 Gold Shaft Mining
30:41 Stone Mining
34:15 Imperial Age
31:37 Town Watch
35:41 Blast Furnace
35:17 Plate Barding Armor
34:10 Cavalier
36:31 Citadels
35:58 Savar
38:33 Savar
41:18 Thumb Ring
50:04 Chemistry
49:14 Masonry
69:21 Kamandaran
69:19 Bodkin Arrow
69:25 Padded Archer Armor
70:46 Light Cavalry
74:16 Crossbowman
81:54 Leather Archer Armor
89:26 Hussar
Connection lost

Rejoining the realm…

Still unreachable

The connection could not be restored.

Session expired

The server has moved on; the page needs a fresh start.